 Dungeon Crawl Stone Soup version 0.32-a0-791-gfc315c9ecd (webtiles) character file.

Game seed: 13412604261210612159

37 wilfster70 the Vexing (level 3, -1/17 HPs)
             Began as a Spriggan Hexslinger on Mar 20, 2024.
             Slain by an orc priest
             ... wielding a +0 whip
              (3 damage)
             ... on level 2 of the Dungeon.
             The game lasted 00:04:19 (1244 turns).

wilfster70 the Vexing (Spriggan Hexslinger)         Turns: 1244, Time: 00:04:19

Health: -1/17      AC:  2    Str:  4    XL:     3   Next: 21%
Magic:  7/7        EV: 16    Int: 16    God:
Gold:   69         SH:  0    Dex: 17    Spells: 7/7 levels left

rFire   . . .        a - +1 sling
rCold   . . .        (no shield)
rNeg    . . .        c - +0 robe
rPois   .            (helmet restricted)
rElec   .            (no cloak)
rCorr   .            (gloves unavailable)
SInv    +            (boots unavailable)
Will    +....        (no amulet)
Stlth   ++           (no ring)
HPRegen 0.22/turn    (no ring)
MPRegen 0.10/turn

%: no passive effects
@: enlightened, flying, very quick
A: very small, no large weapons, unfitting armour, see invisible, speed 3
a: Convert to Beogh


You were on level 2 of the Dungeon.
You visited 1 branch of the dungeon, and saw 3 of its levels.

You collected 69 gold pieces.

Inventory:

Hand Weapons
 a - a +1 sling (weapon)
Armour
 c - a +0 robe (worn)
Scrolls
 b - a scroll of poison
 d - 3 scrolls of fear {unknown}
 g - a scroll of identify {unknown}
 h - a scroll of butterflies {unknown}
 i - a scroll of teleportation {unknown}
 j - a scroll of revelation {unknown}
 k - a scroll of torment {unknown}
Potions
 f - a potion of ambrosia {unknown}


   Skills:
 - Level 0.7 Fighting
 - Level 2.0 Ranged Weapons
 - Level 2.6 Dodging
 + Level 2.5 Spellcasting
 * Level 4.8 Hexes
 - Level 0.7 Fire Magic


You had 7 spell levels left.
You didn't know any spells.
Your spell library contained the following spells:

 Spells                   Type           Power      Damage    Failure   Level
 Jinxbite                 Hex            34%        N/A       4%          2
 Sigil of Binding         Hex            17%        N/A       9%          3
 Inner Flame              Hex/Fire       10%        N/A       19%         3
 Cause Fear               Hex            8%         N/A       26%         4
 Dimensional Bullseye     Hex/Tloc       4%         N/A       58%         4


Dungeon Overview and Level Annotations

Branches:
Dungeon (3/15)

Altars:
Ashenzari


Innate Abilities, Weirdness & Mutations

You are very small and have problems with some larger weapons.
You are too small for most types of armour.
You have supernaturally acute eyesight. (SInv)
You cover ground extremely quickly. (Speed+++)


Message History

Found a scroll labelled IKLO BEANE and 17 gold pieces.
Found a stone staircase leading down.
There is a stone staircase leading up here.
There are monsters nearby!
The frilled lizard hisses angrily.
The orc priest barely misses you.
You climb upwards.
There is a stone staircase leading down here.
You shoot a sling bullet. The sling bullet hits the orc priest.
The orc priest is moderately wounded.
The orc priest hits you with a +0 whip.
You shoot a sling bullet.
The sling bullet closely misses the orc priest.
The orc priest hits you with a +0 whip.
You shoot a sling bullet. The sling bullet hits the orc priest.
The orc priest is moderately wounded.
The orc priest invokes the aid of Beogh against you.
Pain shoots through your body!
The orc priest threatens, "Beogh's wrath is as vast as their mercy.
Make your choice!" (press Y on the ability menu to convert to Beogh)
You are too injured to fight recklessly!
You are too injured to fight recklessly!
Unknown command.
Unknown command.
Unknown command.
Unknown command.
Unknown command.
Fire: a) +1 sling
Press: ? - help, Shift-Dir - straight line, f/p - orc priest
Aim: an orc priest, wielding a +0 whip (moderately wounded, 59% to hit)
You shoot a sling bullet.
The sling bullet barely misses the orc priest.
The orc priest hits you with a +0 whip.
* * * LOW HITPOINT WARNING * * *
The orc priest hits you with a +0 whip.
* * * LOW HITPOINT WARNING * * *
It was a potion of enlightenment.
You feel very buoyant.
You fly up into the air.
The orc priest hits you with a +0 whip.
You die...

#.#.#.# #....# #.......# #.....#
....#.# #....# #....#######'#####
#.###.###.÷..###....####.......#.
#......##.....##....#..#.⌠...⌠.#.
#......##.....##.......#.......#.
#......##......##..###.'...⌠...+.
#......##....#.##.## ###.......#[
#......#######.#.o### #.⌠...⌠.##
#......# #......@...# #.......#
#.###.## #......###.## ####'####
#.# #.# #......#....####...# ..#
#.# ########.........### ### #.#
#..[.###### #.# ###.##
#.#############.#
#...............#
#################


You could see an orc priest.

Vanquished Creatures
  A dart slug (D:2)
  5 ball pythons
  3 bats
  8 endoplasms
  2 giant cockroaches (D:1)
  A goblin (D:1)
  A hobgoblin (D:1)
  A quokka (D:2)
  2 kobolds (D:1)
  7 rats
31 creatures vanquished.

Notes
Turn   | Place    | Note
-------+----------+-------------------------------------------
     0 | D:1      | wilfster70 the Spriggan Hexslinger began the quest for the
                  | Orb.
     0 | D:1      | Reached XP level 1. HP: 9/9 MP: 3/3
    83 | D:1      | Found a faded altar of an unknown god.
   179 | D:1      | Reached skill level 4 in Hexes
   202 | D:1      | Reached XP level 2. HP: 14/14 MP: 5/5
   668 | D:2      | Reached XP level 3. HP: 17/17 MP: 7/7
  1007 | D:2      | Found a broken altar of Ashenzari.
  1244 | D:2      | Slain by an orc priest

Illustrated notes

Levels and vault maps discovered:
D:1:      ncdulo_smallfort, layout_basic, ebering_ecumenical_altar_abandoned
D:2:      layout_basic, serial_forest, infiniplex_forest_clump_tiny,
          infiniplex_forest_lined_3, infiniplex_forest_end_2,
          infiniplex_forest_lined_room_2, infiniplex_forest_straight_1,
          infiniplex_forest_clump_tiny, infiniplex_forest_lined_2, basic_altar,
          minmay_fountain_box
D:3:      layout_rooms, uniq_natasha, uniq_sigmund, uniq_jessica

Skill      XL: |  1  2 |
---------------+-------+-----
Hexes          | 4 |  4.8
Spellcasting   | 2 |  2.5
Fighting       | |  0.7
Ranged Weapons | |  2.0
Dodging        | |  2.6
Fire Magic     | |  0.7

Action                     || total
---------------------------++-------
   Fire: Sling             ||    66
    Use: Potion            ||     1
 Armour: Robe              ||    11
  Dodge: Dodged            ||    17

Table legend: (Time is in decaauts)
 A = Elapsed time spent in this place.
 B = Non-inter-level travel time spent in this place.
 C = Inter-level travel time spent in this place.
 D = Time resting spent in this place.
 E = Time spent auto-exploring this place.
 F = Levels seen in this place.
 G = Mean time per level.
                   A        B        C        D        E       F      G
               +--------+--------+--------+--------+--------+-----+--------+
         Total |    821 |    775 |     46 |     16 |    395 |   3 |  273.7 |
       Dungeon |    821 |    775 |     46 |     16 |    395 |   3 |  273.7 |
               +--------+--------+--------+--------+--------+-----+--------+

Top non-repeatable levels by time:
     D:1: 411 daAuts
     D:2: 407 daAuts
     D:3: 2 daAuts
